Penguins vs Blue Jackets

Created - 28 novembre 2025 at 18:53

Goals
1 2 3 OT1 SO T
Penguins 1 0 1 0 1 3
Blue Jackets 1 0 1 0 0 2
Shots
1 2 3 OT1 SO T
Penguins 15 8 8 0 3 31
Blue Jackets 8 10 10 1 3 29

GoalsPenalties
1st period
1. Blue Jackets , Elias Lindholm 4 (Ryan Donato 9, Evan Bouchard 8) at 12:47
2. Penguins , Charlie McAvoy 1 (Clayton Keller 11, Jack Eichel 21) at 14:44 (PP)
Mattias Ekholm (CLB) for Slashing (Minor) at 14:23
2nd period
No Goal
Charlie McAvoy (PIT) for Hooking (Minor) at 6:24
Jacob Trouba (PIT) for Tripping (Minor) at 18:09
3rd period
3. Blue Jackets , Elias Lindholm 5 (Ryan Donato 10, Mattias Ekholm 12) at 11:51
4. Penguins , Alexis Lafrenière 7 (Jack Eichel 22, Clayton Keller 12) at 11:59
Quinton Byfield (PIT) for Holding Stick (Minor) at 1:30
Overtime #1
No Goal
Shootout
Penguins, Jack Eichel - Stopped by Thatcher Demko
Blue Jackets, J.T. Miller - Stopped by Lukas Dostal
Penguins, Clayton Keller - Stopped by Thatcher Demko
Blue Jackets, Seth Jarvis - Stopped by Lukas Dostal
Penguins, Elias Pettersson - Goal!
Blue Jackets, Elias Lindholm - Stopped by Lukas Dostal
Goalie Stats
Lukas Dostal (PIT), 27 saves from 29 shots - (0,931), W, 2-1-1, 65:00 minutes
Thatcher Demko (CLB), 29 saves from 31 shots - (0,935), OTL, 12-6-2, 65:00 minutes
3 StarsOfficial
1 - Elias Lindholm (CLB)
2 - Clayton Keller (PIT)
3 - Ryan Donato (CLB)
Referees : Kendrick Nicholson and Alex Lepkowski
Linesman : Patrick Dapuzzo and Shandor Alphonso
Game Note
No Game Note
Finance
Level 1 -- Attendance: 4784 (76%) -- Ticket Income $454,480
Level 2 -- Attendance: 3536 (65%) -- Ticket Income $212,160
Level 3 -- Attendance: 2107 (56%) -- Ticket Income $84,280
Level 4 -- Attendance: 2280 (50%) -- Ticket Income $57,000
Luxury Box -- Attendance: 1006 (91%) -- Ticket Income $201,200
Game was played at the Nationwide Arena.
Total Attendance: 13713 (65%)
Total Ticket Income: $1,009,120
Other Income: $302,736
Total Income: $1,311,856



Team Name Goals Shots Shots Attemp Shots Blocked PIM HIT PP PK FO%
Penguins 33155106131 / 1 (100%)046%
Blue Jackets 2296272190 / 3 (0%)154%

Penguins
Player Name POS G A P +/- PIM HIT SHT SB MP PP MP PP SHT PK MP PK SHT FO% FOT GA TA
Alexandre CarrierD000-1010118:300:0002:2700% 000
Alexis LafrenièreLW/RW1011014018:450:0000:0000% 000
Andre BurakovskyLW/RW000000003:180:0000:0000% 000
Charlie McAvoyD1010201224:260:2111:1800% 002
Clayton KellerC/LW/RW0221036124:250:2121:28050% 211
Elias PetterssonC/LW000-1016120:210:2100:0000% 110
Ilya MikheyevLW/RW000-1013117:530:0001:3000% 101
Jack EichelC/LW0221013124:520:2103:08051% 3530
Jack JohnsonD000000000:180:0000:1800% 000
Jacob TroubaD0000200121:420:0002:2700% 010
Jake EvansC/RW000-1003019:210:0003:08050% 410
Jamie DrysdaleD000000000:000:0000:0000% 000
Lawson CrouseLW/RW000-1002017:140:0001:1000% 000
Quinton ByfieldLW/RW000-1230118:020:0000:0000% 000
Roman JosiD0000000123:120:2101:3400% 000
Ryan McLeodC/LW000-1013019:320:0001:30036% 1100
Timothy LiljegrenD000-1000013:400:0000:0000% 001
Vladislav GavrikovD0000010023:290:0003:5000% 002
Blue Jackets
Player Name POS G A P +/- PIM HIT SHT SB MP PP MP PP SHT PK MP PK SHT FO% FOT GA TA
Aaron EkbladD0000010220:402:4600:2100% 000
Brandon CarloD0000011217:540:0000:2100% 000
Connor BedardC/RW0000021013:182:4400:0000% 600
Dylan GuentherRW0000011012:360:0000:0000% 000
Elias LindholmC/LW/RW2022005016:190:0000:000100% 111
Evan BouchardD0111000022:103:1100:0000% 011
Frederick GaudreauC/LW/RW0000022014:010:0000:0000% 001
J.T. MillerC/LW000-1011121:113:1300:00061% 2311
Jackson LaCombeD0001001017:450:0000:0000% 000
Jake WalmanD0000001022:372:4600:0000% 000
Jason DickinsonC/RW000000018:090:0000:0000% 000
Jonathan MarchessaultC/RW0000023010:220:0000:0000% 000
Matt BoldyLW000-1012022:503:1300:00050% 211
Mattias EkholmD0110223023:533:1100:0000% 000
Nic DowdC0000011013:300:0000:21056% 900
Ryan DonatoC/LW/RW0222012017:252:4400:00050% 210
Seth JarvisC/LW/RW000-1013121:323:1310:2100% 122
Tomas HertlC0002032018:262:4400:00070% 1000

Penguins

5 vs 5 Forward
Line #Left WingCenterRight WingPHYDFOFWanted %Time %Time Play
1Alexis LafrenièreJack EichelClayton Keller2124234%18:25
2Elias PetterssonRyan McLeodQuinton Byfield2123235%18:33
3Lawson CrouseJake EvansIlya Mikheyev1222025%13:26
4Andre BurakovskyJack EichelClayton Keller22166%3:18
5 vs 5 Defense
Line #DefenseDefensePHYDFOFWanted %Time %Time Play
1Roman JosiCharlie McAvoy1224239%21:04
2Vladislav GavrikovJacob Trouba1223935%18:58
3Timothy LiljegrenAlexandre Carrier1311925%13:40
4Roman JosiVladislav Gavrikov21200%0:00
Power Play Forward
Line #Left WingCenterRight WingPHYDFOFWanted %Time %Time Play
1Clayton KellerJack EichelElias Pettersson20385100%0:21
2Quinton ByfieldRyan McLeodAlexis Lafrenière203150%0:00
Power Play Defense
Line #DefenseDefensePHYDFOFWanted %Time %Time Play
1Roman JosiCharlie McAvoy10485100%0:21
2Timothy LiljegrenJamie Drysdale203150%0:00
Penalty Kill 4 Players Forward
Line #CenterWingPHYDFOFWanted %Time %Time Play
1Jack EichelJake Evans1316075%4:27
2Ryan McLeodIlya Mikheyev1314025%1:30
Penalty Kill 4 Players Defense
Line #DefenseDefensePHYDFOFWanted %Time %Time Play
1Vladislav GavrikovJacob Trouba1317075%4:26
2Alexandre CarrierCharlie McAvoy1313025%1:31
Penalty Kill 3 Players
Line #WingPHYDFOFWanted %Time %Time PlayDefenseDefensePHYDFOFWanted %Time %Time Play
1Ryan McLeod140600%0:00 Vladislav GavrikovJacob Trouba140650%0:00
2Jack Eichel140400%0:00 Charlie McAvoyAlexandre Carrier140350%0:00
4 vs 4 Forward
Line #CenterWingPHYDFOFWanted %Time %Time Play
1Jack EichelClayton Keller014500%0:00
2Elias PetterssonQuinton Byfield014500%0:00
4 vs 4 Defense
Line #DefensePHYDFOFWanted %Time %Time Play
1Roman JosiCharlie McAvoy032600%0:00
2Vladislav GavrikovJacob Trouba032400%0:00
Last Minutes Offensive
Left WingCenterRight WingDefenseDefense
Elias PetterssonJack EichelClayton KellerRoman JosiCharlie McAvoy
Last Minutes Defensive
Left WingCenterRight WingDefenseDefense
Ryan McLeodJack EichelJake EvansVladislav GavrikovJacob Trouba
Time
Total ForwardTotal DefenseLast Minutes OffensiveLast Minutes Defensive
60:00 60:00 0:000:00
Extra Forwards
Normal PowerPlayPenalty Kill
Jack Eichel, Clayton Keller, Elias PetterssonQuinton Byfield, Andre BurakovskyJack Eichel
Extra Defensemen
Normal PowerPlayPenalty Kill
Charlie McAvoy, Roman Josi, Vladislav GavrikovTimothy Liljegren, Alexandre CarrierRoman Josi
Penalty Shots
Jack Eichel, Clayton Keller, Elias Pettersson, Roman Josi, Alexis Lafrenière
Goalie
Lukas Dostal, Joey Daccord
Scratches
Mark Jankowski (Healthy), Artem Zub (Upper Body Injury), Mikey Eyssimont (Healthy)

Blue Jackets

5 vs 5 Forward
Line #Left WingCenterRight WingPHYDFOFWanted %Time %Time Play
1Seth JarvisJ.T. MillerMatt Boldy1224034%18:31
2Elias LindholmTomas HertlRyan Donato1223027%14:26
3Frederick GaudreauNic DowdDylan Guenther1222023%12:36
4Jason DickinsonConnor BedardJonathan Marchessault1221015%8:09
5 vs 5 Defense
Line #DefenseDefensePHYDFOFWanted %Time %Time Play
1Jake WalmanMattias Ekholm1224039%20:43
2Evan BouchardJackson LaCombe1223532%17:26
3Aaron EkbladBrandon Carlo1222023%12:34
4Aaron EkbladBrandon Carlo12256%2:59
Power Play Forward
Line #Left WingCenterRight WingPHYDFOFWanted %Time %Time Play
1Matt BoldyJ.T. MillerSeth Jarvis0146054%3:13
2Ryan DonatoTomas HertlConnor Bedard0144046%2:44
Power Play Defense
Line #DefenseDefensePHYDFOFWanted %Time %Time Play
1Evan BouchardMattias Ekholm0146054%3:11
2Jake WalmanAaron Ekblad0144046%2:46
Penalty Kill 4 Players Forward
Line #CenterWingPHYDFOFWanted %Time %Time Play
1Nic DowdSeth Jarvis12260100%0:21
2J.T. MillerElias Lindholm122400%0:00
Penalty Kill 4 Players Defense
Line #DefenseDefensePHYDFOFWanted %Time %Time Play
1Jake WalmanMattias Ekholm122600%0:00
2Brandon CarloAaron Ekblad12240100%0:21
Penalty Kill 3 Players
Line #WingPHYDFOFWanted %Time %Time PlayDefenseDefensePHYDFOFWanted %Time %Time Play
1Nic Dowd122600%0:00 Jake WalmanMattias Ekholm122600%0:00
2J.T. Miller122400%0:00 Brandon CarloAaron Ekblad122400%0:00
4 vs 4 Forward
Line #CenterWingPHYDFOFWanted %Time %Time Play
1J.T. MillerSeth Jarvis122600%0:00
2Elias LindholmTomas Hertl122400%0:00
4 vs 4 Defense
Line #DefensePHYDFOFWanted %Time %Time Play
1Jake WalmanMattias Ekholm122600%0:00
2Jackson LaCombeBrandon Carlo122400%0:00
Last Minutes Offensive
Left WingCenterRight WingDefenseDefense
Seth JarvisJ.T. MillerElias LindholmEvan BouchardMattias Ekholm
Last Minutes Defensive
Left WingCenterRight WingDefenseDefense
Seth JarvisJ.T. MillerElias LindholmEvan BouchardMattias Ekholm
Time
Total ForwardTotal DefenseLast Minutes OffensiveLast Minutes Defensive
60:00 60:00 0:000:00
Extra Forwards
Normal PowerPlayPenalty Kill
Connor Bedard, Jonathan Marchessault, Nic DowdConnor Bedard, Jonathan MarchessaultNic Dowd
Extra Defensemen
Normal PowerPlayPenalty Kill
Jackson LaCombe, Brandon Carlo, Jake WalmanAaron Ekblad, Brandon CarloJake Walman
Penalty Shots
J.T. Miller, Seth Jarvis, Elias Lindholm, Tomas Hertl, Matt Boldy
Goalie
Thatcher Demko, Joseph Woll
Scratches
Erik Gudbranson (Healthy), Philipp Kurashev (Healthy), Nick Perbix (Healthy)


Play-by-Play

1st period


0:01 of 1st period - J.T. Miller wins face-off versus Jack Eichel in neutral zone.
0:25 of 1st period - Icing by Seth Jarvis.
0:26 of 1st period - Ryan McLeod wins face-off versus J.T. Miller in Blue Jackets zone.
1:03 of 1st period - Wrist shot by Elias Lindholm.
1:03 of 1st period - Shot Misses the Net.
1:15 of 1st period - Evan Bouchard is hit by Alexis Lafrenière and loses puck.
1:20 of 1st period - Snap shot by Jack Eichel.
1:20 of 1st period - Stopped by Thatcher Demko without a rebound.
1:21 of 1st period - Jack Eichel wins face-off versus Connor Bedard in Blue Jackets zone.
1:24 of 1st period - Wrist shot by Clayton Keller.
1:24 of 1st period - Stopped by Thatcher Demko without a rebound.
1:25 of 1st period - Jack Eichel wins face-off versus Connor Bedard in Blue Jackets zone.
1:42 of 1st period - Jack Eichel is hit by Jonathan Marchessault and loses puck.
1:53 of 1st period - Snap shot by Elias Pettersson.
1:53 of 1st period - Stopped by Thatcher Demko without a rebound.
1:54 of 1st period - Tomas Hertl wins face-off versus Ryan McLeod in Blue Jackets zone.
2:34 of 1st period - Wrist shot by Elias Pettersson.
2:34 of 1st period - Stopped by Thatcher Demko without a rebound.
2:35 of 1st period - Nic Dowd wins face-off versus Jack Eichel in Blue Jackets zone.
2:35 of 1st period - Nic Dowd is hit by Vladislav Gavrikov.
3:11 of 1st period - Snap shot by Ilya Mikheyev.
3:11 of 1st period - Shot Misses the Net.
5:17 of 1st period - Icing by J.T. Miller.
5:18 of 1st period - J.T. Miller wins face-off versus Jake Evans in Blue Jackets zone.
5:23 of 1st period - Jake Evans is hit by Brandon Carlo and loses puck.
5:34 of 1st period - Slapshot by Matt Boldy.
5:34 of 1st period - Shot Hit the Post.
6:06 of 1st period - Wrist shot by Jake Evans.
6:06 of 1st period - Stopped by Thatcher Demko with a rebound.
6:08 of 1st period - Snap shot by Jacob Trouba.
6:08 of 1st period - Shot Blocked by Brandon Carlo.
6:10 of 1st period - Slapshot by Jacob Trouba.
6:10 of 1st period - Shot Misses the Net.
6:12 of 1st period - Wrist shot by Ilya Mikheyev.
6:12 of 1st period - Stopped by Thatcher Demko with a rebound.
6:14 of 1st period - Slapshot by Vladislav Gavrikov.
6:14 of 1st period - Shot Blocked by Aaron Ekblad.
6:16 of 1st period - Slapshot by Vladislav Gavrikov.
6:16 of 1st period - Shot Misses the Net.
6:28 of 1st period - Snap shot by Lawson Crouse.
6:28 of 1st period - Shot Misses the Net.
6:30 of 1st period - Snap shot by Jake Evans.
6:30 of 1st period - Stopped by Thatcher Demko without a rebound.
6:31 of 1st period - Jack Eichel wins face-off versus Ryan Donato in Blue Jackets zone.
6:32 of 1st period - Wrist shot by Clayton Keller.
6:32 of 1st period - Shot Misses the Net.
7:24 of 1st period - Slapshot by Clayton Keller.
7:24 of 1st period - Stopped by Thatcher Demko with a rebound.
7:26 of 1st period - Snap shot by Clayton Keller.
7:26 of 1st period - Deflect By Jack Eichel.
7:26 of 1st period - Shot Blocked by Jason Dickinson.
7:26 of 1st period - Puck is out of play.
7:27 of 1st period - Tomas Hertl wins face-off versus Jack Eichel in Blue Jackets zone.
7:27 of 1st period - Tomas Hertl is hit by Alexandre Carrier.
7:37 of 1st period - Wrist shot by Ryan Donato.
7:37 of 1st period - Shot Misses the Net.
7:39 of 1st period - Slapshot by Ryan Donato.
7:39 of 1st period - Shot Misses the Net.
7:41 of 1st period - Slapshot by Jackson LaCombe.
7:41 of 1st period - Stopped by Lukas Dostal without a rebound.
7:42 of 1st period - Matt Boldy wins face-off versus Ryan McLeod in Penguins zone.
7:53 of 1st period - Wrist shot by Matt Boldy.
7:53 of 1st period - Stopped by Lukas Dostal without a rebound.
7:54 of 1st period - Jack Eichel wins face-off versus J.T. Miller in Penguins zone.
8:48 of 1st period - Snap shot by Frederick Gaudreau.
8:48 of 1st period - Shot Misses the Net.
8:56 of 1st period - Slapshot by Dylan Guenther.
8:56 of 1st period - Stopped by Lukas Dostal with a rebound.
9:34 of 1st period - Wrist shot by Jonathan Marchessault.
9:34 of 1st period - Stopped by Lukas Dostal with a rebound.
9:40 of 1st period - Ryan McLeod is hit by Connor Bedard and loses puck.
9:57 of 1st period - Jackson LaCombe is hit by Quinton Byfield and loses puck.
10:07 of 1st period - Icing by Jason Dickinson.
10:08 of 1st period - Jack Eichel wins face-off versus Connor Bedard in Blue Jackets zone.
10:13 of 1st period - Snap shot by Jack Eichel.
10:13 of 1st period - Stopped by Thatcher Demko without a rebound.
10:14 of 1st period - Jack Eichel wins face-off versus Matt Boldy in Blue Jackets zone.
11:24 of 1st period - Seth Jarvis is hit by Jack Eichel and loses puck.
12:22 of 1st period - Alexandre Carrier is hit by J.T. Miller and loses puck.
12:45 of 1st period - Snap shot by Ryan Donato.
12:45 of 1st period - Shot Blocked by Ilya Mikheyev.
12:47 of 1st period - Snap shot by Elias Lindholm.
12:47 of 1st period - Goal by Elias Lindholm - Penguins : 0 - Blue Jackets : 1.
12:48 of 1st period - Jack Eichel wins face-off versus J.T. Miller in neutral zone.
12:50 of 1st period - Off-side.
12:51 of 1st period - J.T. Miller wins face-off versus Jack Eichel in neutral zone.
13:00 of 1st period - Wrist shot by J.T. Miller.
13:00 of 1st period - Shot Misses the Net.
13:20 of 1st period - Snap shot by Jack Eichel.
13:20 of 1st period - Deflect By Alexis Lafrenière.
13:20 of 1st period - Stopped by Thatcher Demko without a rebound.
13:21 of 1st period - Tomas Hertl wins face-off versus Ryan McLeod in Blue Jackets zone.
14:23 of 1st period - Minor Penalty to Mattias Ekholm for Slashing.
14:24 of 1st period - Jack Eichel wins face-off versus Nic Dowd in Blue Jackets zone.
14:30 of 1st period - Snap shot by Clayton Keller.
14:30 of 1st period - Stopped by Thatcher Demko without a rebound.
14:31 of 1st period - Jack Eichel wins face-off versus Nic Dowd in Blue Jackets zone.
14:38 of 1st period - Snap shot by Jack Eichel.
14:38 of 1st period - Shot Misses the Net.
14:40 of 1st period - Slapshot by Clayton Keller.
14:40 of 1st period - Stopped by Thatcher Demko with a rebound.
14:42 of 1st period - Slapshot by Charlie McAvoy.
14:42 of 1st period - Shot Misses the Net.
14:44 of 1st period - Slapshot by Charlie McAvoy.
14:44 of 1st period - Deflect By Aaron Ekblad.
14:44 of 1st period - Goal by Charlie McAvoy - Penguins : 1 - Blue Jackets : 1.
14:45 of 1st period - J.T. Miller wins face-off versus Jack Eichel in neutral zone.
15:03 of 1st period - Icing by Clayton Keller.
15:04 of 1st period - Tomas Hertl wins face-off versus Jack Eichel in Penguins zone.
15:09 of 1st period - Backhand shot by Elias Lindholm.
15:09 of 1st period - Stopped by Lukas Dostal with a rebound.
15:30 of 1st period - Icing by Clayton Keller.
15:31 of 1st period - J.T. Miller wins face-off versus Ryan McLeod in Penguins zone.
15:40 of 1st period - Snap shot by Seth Jarvis.
15:40 of 1st period - Stopped by Lukas Dostal without a rebound.
15:41 of 1st period - Jack Eichel wins face-off versus J.T. Miller in Penguins zone.
15:58 of 1st period - Snap shot by Clayton Keller.
15:58 of 1st period - Stopped by Thatcher Demko with a rebound.
17:43 of 1st period - Wrist shot by Ryan McLeod.
17:43 of 1st period - Stopped by Thatcher Demko with a rebound.
17:45 of 1st period - Snap shot by Quinton Byfield.
17:45 of 1st period - Shot Misses the Net.
18:24 of 1st period - Slapshot by Elias Pettersson.
18:24 of 1st period - Shot Blocked by Brandon Carlo.
18:34 of 1st period - Matt Boldy is hit by Clayton Keller and loses puck.
19:47 of 1st period - Snap shot by Nic Dowd.
19:47 of 1st period - Stopped by Lukas Dostal with a rebound.
Goals for this period are 1 for Penguins vs 1 for Blue Jackets.
Shots for this period are 15 for Penguins vs 8 for Blue Jackets.

2nd period


0:01 of 2nd period - Jack Eichel wins face-off versus J.T. Miller in neutral zone.
0:08 of 2nd period - Slapshot by Clayton Keller.
0:08 of 2nd period - Shot Misses the Net.
0:10 of 2nd period - Wrist shot by Alexis Lafrenière.
0:10 of 2nd period - Shot Blocked by J.T. Miller.
0:12 of 2nd period - Slapshot by Alexis Lafrenière.
0:12 of 2nd period - Stopped by Thatcher Demko with a rebound.
0:28 of 2nd period - Snap shot by Tomas Hertl.
0:28 of 2nd period - Stopped by Lukas Dostal with a rebound.
0:30 of 2nd period - Slapshot by Tomas Hertl.
0:30 of 2nd period - Stopped by Lukas Dostal with a rebound.
0:32 of 2nd period - Snap shot by Tomas Hertl.
0:32 of 2nd period - Shot Misses the Net.
0:34 of 2nd period - Wrist shot by Mattias Ekholm.
0:34 of 2nd period - Stopped by Lukas Dostal without a rebound.
0:35 of 2nd period - Tomas Hertl wins face-off versus Ryan McLeod in Penguins zone.
1:12 of 2nd period - Wrist shot by Seth Jarvis.
1:12 of 2nd period - Stopped by Lukas Dostal without a rebound.
1:13 of 2nd period - J.T. Miller wins face-off versus Jack Eichel in Penguins zone.
1:38 of 2nd period - Icing by Jack Eichel.
1:39 of 2nd period - Clayton Keller wins face-off versus Tomas Hertl in Penguins zone.
1:46 of 2nd period - Slapshot by Clayton Keller.
1:46 of 2nd period - Stopped by Thatcher Demko with a rebound.
1:54 of 2nd period - Slapshot by Ryan Donato.
1:54 of 2nd period - Stopped by Lukas Dostal without a rebound.
1:55 of 2nd period - Ryan McLeod wins face-off versus J.T. Miller in Penguins zone.
2:24 of 2nd period - Elias Pettersson is hit by Tomas Hertl and loses puck.
2:37 of 2nd period - Snap shot by Elias Lindholm.
2:37 of 2nd period - Stopped by Lukas Dostal without a rebound.
2:38 of 2nd period - Nic Dowd wins face-off versus Jack Eichel in Penguins zone.
3:32 of 2nd period - Snap shot by Connor Bedard.
3:32 of 2nd period - Stopped by Lukas Dostal without a rebound.
3:33 of 2nd period - Jack Eichel wins face-off versus Connor Bedard in Penguins zone.
3:40 of 2nd period - Wrist shot by Connor Bedard.
3:40 of 2nd period - Shot Misses the Net.
4:10 of 2nd period - Wrist shot by J.T. Miller.
4:10 of 2nd period - Shot Misses the Net.
4:46 of 2nd period - Jack Eichel is hit by Nic Dowd and loses puck.
4:57 of 2nd period - Slapshot by Frederick Gaudreau.
4:57 of 2nd period - Shot Blocked by Jack Eichel.
5:17 of 2nd period - Timothy Liljegren is hit by Jonathan Marchessault and loses puck.
6:24 of 2nd period - Minor Penalty to Charlie McAvoy for Hooking.
6:25 of 2nd period - Jack Eichel wins face-off versus J.T. Miller in Penguins zone.
8:21 of 2nd period - Jake Walman is hit by Clayton Keller and loses puck.
8:24 of 2nd period - Penalty to Charlie McAvoy is over, Charlie McAvoy is back on ice.
8:43 of 2nd period - Quinton Byfield is hit by Dylan Guenther and loses puck.
11:12 of 2nd period - Jake Walman is hit by Ryan McLeod and loses puck.
11:17 of 2nd period - Slapshot by Ryan McLeod.
11:17 of 2nd period - Shot Misses the Net.
11:27 of 2nd period - Andre Burakovsky is hit by Mattias Ekholm and loses puck.
12:18 of 2nd period - Off-side.
12:19 of 2nd period - Jake Evans wins face-off versus Tomas Hertl in neutral zone.
12:22 of 2nd period - Wrist shot by Lawson Crouse.
12:22 of 2nd period - Deflect By Ryan Donato.
12:22 of 2nd period - Stopped by Thatcher Demko without a rebound.
12:23 of 2nd period - Tomas Hertl wins face-off versus Ilya Mikheyev in Blue Jackets zone.
12:40 of 2nd period - Snap shot by Tomas Hertl.
12:40 of 2nd period - Shot Misses the Net.
12:52 of 2nd period - Snap shot by Jack Eichel.
12:52 of 2nd period - Stopped by Thatcher Demko with a rebound.
13:41 of 2nd period - Slapshot by Mattias Ekholm.
13:41 of 2nd period - Deflect By Jack Eichel.
13:41 of 2nd period - Stopped by Lukas Dostal without a rebound.
13:42 of 2nd period - Jack Eichel wins face-off versus Connor Bedard in Penguins zone.
13:57 of 2nd period - Snap shot by Jonathan Marchessault.
13:57 of 2nd period - Stopped by Lukas Dostal with a rebound.
13:59 of 2nd period - Snap shot by Jason Dickinson.
13:59 of 2nd period - Shot Misses the Net.
14:08 of 2nd period - Ryan McLeod is hit by Seth Jarvis and loses puck.
14:13 of 2nd period - Slapshot by Matt Boldy.
14:13 of 2nd period - Deflect By J.T. Miller.
14:13 of 2nd period - Stopped by Lukas Dostal with a rebound.
14:15 of 2nd period - Slapshot by Mattias Ekholm.
14:15 of 2nd period - Shot Blocked by Quinton Byfield.
14:17 of 2nd period - Snap shot by J.T. Miller.
14:17 of 2nd period - Shot Blocked by Elias Pettersson.
14:19 of 2nd period - Snap shot by J.T. Miller.
14:19 of 2nd period - Shot Misses the Net.
16:12 of 2nd period - Slapshot by Jake Evans.
16:12 of 2nd period - Stopped by Thatcher Demko without a rebound.
16:13 of 2nd period - Jake Evans wins face-off versus Connor Bedard in Blue Jackets zone.
16:14 of 2nd period - Snap shot by Ilya Mikheyev.
16:14 of 2nd period - Stopped by Thatcher Demko with a rebound.
16:41 of 2nd period - Snap shot by Jake Evans.
16:41 of 2nd period - Deflect By Ilya Mikheyev.
16:41 of 2nd period - Stopped by Thatcher Demko without a rebound.
16:42 of 2nd period - J.T. Miller wins face-off versus Jack Eichel in Blue Jackets zone.
16:53 of 2nd period - Wrist shot by Seth Jarvis.
16:53 of 2nd period - Shot Blocked by Clayton Keller.
17:14 of 2nd period - Snap shot by Ryan McLeod.
17:14 of 2nd period - Stopped by Thatcher Demko with a rebound.
17:31 of 2nd period - Off-side.
17:32 of 2nd period - Nic Dowd wins face-off versus Jake Evans in neutral zone.
17:36 of 2nd period - Off-side.
17:37 of 2nd period - Jack Eichel wins face-off versus Nic Dowd in neutral zone.
18:09 of 2nd period - Minor Penalty to Jacob Trouba for Tripping.
18:10 of 2nd period - J.T. Miller wins face-off versus Jack Eichel in Penguins zone.
18:42 of 2nd period - Snap shot by Ryan Donato.
18:42 of 2nd period - Shot Misses the Net.
Goals for this period are 0 for Penguins vs 0 for Blue Jackets.
Shots for this period are 8 for Penguins vs 10 for Blue Jackets.

3rd period


0:01 of 3rd period - J.T. Miller wins face-off versus Jack Eichel in neutral zone.
0:06 of 3rd period - Snap shot by Seth Jarvis.
0:06 of 3rd period - Shot Misses the Net.
0:09 of 3rd period - Penalty to Jacob Trouba is over, Jacob Trouba is back on ice.
0:34 of 3rd period - Wrist shot by Ryan McLeod.
0:34 of 3rd period - Shot Misses the Net.
0:45 of 3rd period - Off-side.
0:46 of 3rd period - Nic Dowd wins face-off versus Jack Eichel in neutral zone.
0:51 of 3rd period - Slapshot by Frederick Gaudreau.
0:51 of 3rd period - Stopped by Lukas Dostal with a rebound.
0:53 of 3rd period - Wrist shot by Dylan Guenther.
0:53 of 3rd period - Shot Blocked by Roman Josi.
1:13 of 3rd period - Aaron Ekblad is hit by Quinton Byfield and loses puck.
1:20 of 3rd period - Elias Pettersson is hit by Mattias Ekholm.
1:30 of 3rd period - Minor Penalty to Quinton Byfield for Holding Stick.
1:31 of 3rd period - J.T. Miller wins face-off versus Jack Eichel in Penguins zone.
1:34 of 3rd period - Wrist shot by Seth Jarvis.
1:34 of 3rd period - Stopped by Lukas Dostal with a rebound.
1:46 of 3rd period - Snap shot by Matt Boldy.
1:46 of 3rd period - Shot Hit the Post.
3:30 of 3rd period - Penalty to Quinton Byfield is over, Quinton Byfield is back on ice.
3:40 of 3rd period - Snap shot by Ryan McLeod.
3:40 of 3rd period - Stopped by Thatcher Demko with a rebound.
3:42 of 3rd period - Wrist shot by Elias Pettersson.
3:42 of 3rd period - Stopped by Thatcher Demko without a rebound.
3:43 of 3rd period - Ryan McLeod wins face-off versus Nic Dowd in Blue Jackets zone.
3:44 of 3rd period - Snap shot by Elias Pettersson.
3:44 of 3rd period - Stopped by Thatcher Demko with a rebound.
3:46 of 3rd period - Wrist shot by Alexandre Carrier.
3:46 of 3rd period - Shot Blocked by Aaron Ekblad.
4:26 of 3rd period - Slapshot by Ryan Donato.
4:26 of 3rd period - Shot Blocked by Charlie McAvoy.
4:52 of 3rd period - Wrist shot by Seth Jarvis.
4:52 of 3rd period - Shot Misses the Net.
4:54 of 3rd period - Slapshot by Jackson LaCombe.
4:54 of 3rd period - Shot Misses the Net.
4:56 of 3rd period - Snap shot by Matt Boldy.
4:56 of 3rd period - Stopped by Lukas Dostal without a rebound.
4:57 of 3rd period - Nic Dowd wins face-off versus Jack Eichel in Penguins zone.
4:58 of 3rd period - Snap shot by Dylan Guenther.
4:58 of 3rd period - Shot Misses the Net.
5:14 of 3rd period - Snap shot by Clayton Keller.
5:14 of 3rd period - Shot Misses the Net.
5:49 of 3rd period - Elias Lindholm is hit by Elias Pettersson and loses puck.
5:54 of 3rd period - Snap shot by Elias Pettersson.
5:54 of 3rd period - Shot Misses the Net.
5:56 of 3rd period - Snap shot by Elias Pettersson.
5:56 of 3rd period - Stopped by Thatcher Demko without a rebound.
5:57 of 3rd period - Jack Eichel wins face-off versus Seth Jarvis in Blue Jackets zone.
6:00 of 3rd period - Snap shot by Clayton Keller.
6:00 of 3rd period - Shot Blocked by Seth Jarvis.
6:02 of 3rd period - Slapshot by Roman Josi.
6:02 of 3rd period - Shot Misses the Net.
6:24 of 3rd period - J.T. Miller is hit by Ilya Mikheyev and loses puck.
6:44 of 3rd period - Snap shot by Seth Jarvis.
6:44 of 3rd period - Shot Blocked by Alexandre Carrier.
6:46 of 3rd period - Slapshot by Jake Walman.
6:46 of 3rd period - Stopped by Lukas Dostal without a rebound.
6:47 of 3rd period - Ryan McLeod wins face-off versus Tomas Hertl in Penguins zone.
6:47 of 3rd period - Ryan McLeod is hit by Ryan Donato.
6:55 of 3rd period - Ryan McLeod is hit by Tomas Hertl and loses puck.
7:02 of 3rd period - Slapshot by Tomas Hertl.
7:02 of 3rd period - Shot Misses the Net.
7:12 of 3rd period - Snap shot by Elias Pettersson.
7:12 of 3rd period - Shot Misses the Net.
7:48 of 3rd period - Snap shot by Frederick Gaudreau.
7:48 of 3rd period - Stopped by Lukas Dostal without a rebound.
7:49 of 3rd period - Jack Eichel wins face-off versus J.T. Miller in Penguins zone.
8:16 of 3rd period - Ilya Mikheyev is hit by Tomas Hertl and loses puck.
8:27 of 3rd period - Snap shot by Elias Lindholm.
8:27 of 3rd period - Shot Blocked by Jacob Trouba.
10:27 of 3rd period - Wrist shot by Brandon Carlo.
10:27 of 3rd period - Stopped by Lukas Dostal without a rebound.
10:28 of 3rd period - J.T. Miller wins face-off versus Jack Eichel in Penguins zone.
11:34 of 3rd period - Icing by Charlie McAvoy.
11:35 of 3rd period - Ryan Donato wins face-off versus Jack Eichel in Penguins zone.
11:38 of 3rd period - Slapshot by Ryan Donato.
11:38 of 3rd period - Stopped by Lukas Dostal with a rebound.
11:40 of 3rd period - Slapshot by Mattias Ekholm.
11:40 of 3rd period - Stopped by Lukas Dostal without a rebound.
11:41 of 3rd period - Tomas Hertl wins face-off versus Elias Pettersson in Penguins zone.
11:49 of 3rd period - Snap shot by Ryan Donato.
11:49 of 3rd period - Shot Misses the Net.
11:51 of 3rd period - Snap shot by Elias Lindholm.
11:51 of 3rd period - Goal by Elias Lindholm - Penguins : 1 - Blue Jackets : 2.
11:52 of 3rd period - Jack Eichel wins face-off versus J.T. Miller in neutral zone.
11:59 of 3rd period - Slapshot by Alexis Lafrenière.
11:59 of 3rd period - Goal by Alexis Lafrenière - Penguins : 2 - Blue Jackets : 2.
12:00 of 3rd period - J.T. Miller wins face-off versus Jack Eichel in neutral zone.
13:20 of 3rd period - Snap shot by Alexis Lafrenière.
13:20 of 3rd period - Stopped by Thatcher Demko without a rebound.
13:21 of 3rd period - J.T. Miller wins face-off versus Ryan McLeod in Blue Jackets zone.
13:21 of 3rd period - Seth Jarvis is hit by Quinton Byfield and loses puck.
13:30 of 3rd period - Wrist shot by Ryan McLeod.
13:30 of 3rd period - Shot Misses the Net.
13:36 of 3rd period - Snap shot by Quinton Byfield.
13:36 of 3rd period - Deflect By Elias Pettersson.
13:36 of 3rd period - Stopped by Thatcher Demko with a rebound.
13:38 of 3rd period - Backhand shot by Ryan McLeod.
13:38 of 3rd period - Shot Hit the Post.
13:58 of 3rd period - Slapshot by Lawson Crouse.
13:58 of 3rd period - Stopped by Thatcher Demko without a rebound.
13:59 of 3rd period - J.T. Miller wins face-off versus Ryan McLeod in Blue Jackets zone.
14:14 of 3rd period - Wrist shot by J.T. Miller.
14:14 of 3rd period - Shot Misses the Net.
14:29 of 3rd period - Slapshot by Tomas Hertl.
14:29 of 3rd period - Shot Misses the Net.
14:47 of 3rd period - Jack Eichel is hit by Frederick Gaudreau and loses puck.
15:30 of 3rd period - Lawson Crouse is hit by Matt Boldy and loses puck.
16:13 of 3rd period - Snap shot by Frederick Gaudreau.
16:13 of 3rd period - Shot Blocked by Charlie McAvoy.
16:33 of 3rd period - Snap shot by Elias Lindholm.
16:33 of 3rd period - Stopped by Lukas Dostal with a rebound.
18:55 of 3rd period - Ryan Donato is hit by Clayton Keller and loses puck.
19:53 of 3rd period - Timothy Liljegren is hit by Connor Bedard and loses puck.
Goals for this period are 1 for Penguins vs 1 for Blue Jackets.
Shots for this period are 8 for Penguins vs 10 for Blue Jackets.

Overtime #1


0:01 of 1st overtime period - Elias Lindholm wins face-off versus Clayton Keller in neutral zone.
0:08 of 1st overtime period - Wrist shot by Elias Lindholm.
0:08 of 1st overtime period - Shot Hit the Post.
0:55 of 1st overtime period - Snap shot by Jonathan Marchessault.
0:55 of 1st overtime period - Stopped by Lukas Dostal with a rebound.
1:47 of 1st overtime period - Alexis Lafrenière is hit by Frederick Gaudreau and loses puck.
2:44 of 1st overtime period - Elias Pettersson is hit by Aaron Ekblad and loses puck.
Goals for this period are 0 for Penguins vs 0 for Blue Jackets.
Shots for this period are 0 for Penguins vs 1 for Blue Jackets.

ShootOut


5:00 of 1st overtime period - Round #1.
5:00 of 1st overtime period - Penguins, Jack Eichel.
5:00 of 1st overtime period - Snap shot by Jack Eichel.
5:00 of 1st overtime period - Stopped by Thatcher Demko.
5:00 of 1st overtime period - Blue Jackets, J.T. Miller.
5:00 of 1st overtime period - Snap shot by J.T. Miller.
5:00 of 1st overtime period - Stopped by Lukas Dostal.
5:00 of 1st overtime period - Round #2.
5:00 of 1st overtime period - Penguins, Clayton Keller.
5:00 of 1st overtime period - Snap shot by Clayton Keller.
5:00 of 1st overtime period - Stopped by Thatcher Demko.
5:00 of 1st overtime period - Blue Jackets, Seth Jarvis.
5:00 of 1st overtime period - Wrist shot by Seth Jarvis.
5:00 of 1st overtime period - Stopped by Lukas Dostal.
5:00 of 1st overtime period - Round #3.
5:00 of 1st overtime period - Penguins, Elias Pettersson.
5:00 of 1st overtime period - Snap shot by Elias Pettersson.
5:00 of 1st overtime period - Goal by Elias Pettersson.
5:00 of 1st overtime period - Blue Jackets, Elias Lindholm.
5:00 of 1st overtime period - Wrist shot by Elias Lindholm.
5:00 of 1st overtime period - Stopped by Lukas Dostal.